 Dungeon Crawl Stone Soup version 0.30.1-3-gfc49f6343a (webtiles) character file.

Game seed: 11354607711570817943

4209 Moses069 the Cleaver (level 10, -14/88 HPs)
             Began as a Minotaur Berserker on July 20, 2023.
             Was a Priest of Trog.
             Collided with a sky beast (16 damage)
             ... caused by Erica
             ... on level 8 of the Dungeon.
             The game lasted 01:06:22 (9300 turns).

Moses069 the Cleaver (Minotaur Berserker)           Turns: 9300, Time: 01:06:23

Health: -14/88     AC: 20    Str: 26 (27) XL:     10   Next: 8%
Magic:  9/9        EV: 14    Int:  4      God:    Trog [***...]
Gold:   318        SH:  0    Dex:  8 (9)  Spells: 9/9 levels left

rFire   . . .        a - +1 hand axe
rCold   + . .        (no shield)
rNeg    . . .        h - +0 plate armour
rPois   .            (helmet restricted)
rElec   +            L - +1 cloak
rCorr   .            e - +0 pair of gloves
SInv    .            m - +2 pair of boots
Will    .....        (no amulet) Stlth
                     c - +5 ring of evasion
HPRegen 0.34/turn    o - ring of protection from cold
MPRegen 0.11/turn

%: no passive effects
@: on berserk cooldown, slowed, very slow
A: horns 2, retaliatory headbutt, deterioration 1, electricity resistance
a: Renounce Religion, Berserk, Trog's Hand


You were on level 8 of the Dungeon.
You worshipped Trog.
Trog was most pleased with you.
You visited 2 branches of the dungeon, and saw 9 of its levels.

You collected 318 gold pieces.

Inventory:

Hand Weapons
 a - a +1 hand axe (weapon)
 s - a +3 short sword of venom
 F - a +0 flail
 G - a +0 dire flail of venom
Missiles
 f - 18 poisoned darts (quivered)
 P - a throwing net
Armour
 b - a +0 animal skin
 e - a +0 pair of gloves (worn)
 h - a +0 plate armour (worn)
 m - a +2 pair of boots (worn)
 q - a +0 ring mail
 u - a +0 robe
 v - a +0 leather armour
 z - a +0 plate armour
 A - the +0 scale mail of Aruar {rPois Regen+}
   (You found it on level 6 of the Dungeon)

   rPois:     It protects you from poison.
   Regen:     It increases your rate of health regeneration.
 L - a +1 cloak (worn)
Jewellery
 c - a +5 ring of evasion (left hand)
 o - a ring of protection from cold (right hand)
 x - a ring of fire
 y - a ring of willpower
 H - a ring of see invisible
 J - a ring of protection from fire
Wands
 p - a wand of flame (34)
 E - a wand of roots (5)
Scrolls
 d - 4 scrolls of fog
 i - 2 scrolls of enchant weapon
 j - a scroll of torment
 l - 2 scrolls of amnesia
 n - a scroll of fear
 B - a scroll of summoning
 C - a scroll of enchant armour
 K - 2 scrolls of teleportation
 N - a scroll of identify
Potions
 g - a potion of invisibility
 k - 2 potions of cancellation
 r - 3 potions of mutation
 t - 2 potions of might
 w - a potion of heal wounds
 D - a potion of degeneration
 I - a potion of flight
 M - a potion of lignification
 O - a potion of attraction {unknown}


   Skills:
 + Level 8.1 Fighting
 + Level 12.6 Axes
 + Level 7.7 Armour
 + Level 6.9 Dodging


You had 9 spell levels left.
You didn't know any spells.
Your spell library contained the following spells:

 Spells                   Type           Power      Damage    Failure   Level
 Necrotise                Necr           0%         1d4       99%         1
 Vampiric Draining        Necr           0%         2d6       100%        3
 Agony                    Necr           0%         N/A       100%        5


Dungeon Overview and Level Annotations

Branches:
Dungeon (8/15)             Temple (1/1) D:7
   Lair: D:8-11

Altars:
Ashenzari
Dithmenos
Elyvilon
Gozag
Hepliaklqana
Kikubaaqudgha
Makhleb
Nemelex Xobeh
Okawaru
Qazlal
Ru
Sif Muna
Trog
Uskayaw
Vehumet
Wu Jian
Xom
Yredelemnul
The Shining One

Annotations:
D:8 Erica


Innate Abilities, Weirdness & Mutations

You have a pair of horns on your head.
You reflexively headbutt those who attack you in melee.
Your body sometimes deteriorates upon taking damage.
You are resistant to electric shocks. (rElec)


Message History

You feel less confused.
The sky beast hits you but does no damage.
Erica screams, "Hurry, death AWAITS you!"
Erica casts a spell.
Erica flickers and vanishes!
Deactivating autopickup; reactivate with Ctrl-A.
You hear some strange, mumbled words.
A lance of force appears from out of thin air!
The lance of force hits you!!
Your body deteriorates!
You feel weakened.
You are knocked back by the lance of force.
You collide with the sky beast!
The sky beast is moderately wounded.
* * * LOW HITPOINT WARNING * * *
The sky beast misses you. You furiously retaliate!
You headbutt the sky beast! You closely miss the sky beast.
You headbutt the sky beast.
The sky beast is almost dead.
You hit something but do no damage. The sky beast misses you.
Something hits you but does no damage.
You barely miss the sky beast.
The sky beast is almost dead.
You hit something.
The sky beast hits you but does no damage.
Something hits you.
* * * LOW HITPOINT WARNING * * *
Something burns you.
* * * LOW HITPOINT WARNING * * *
You hit the sky beast but do no damage. Your headbutt misses the sky beast.
The sky beast is almost dead.
You barely miss something.
The sky beast hits you but does no damage.
You hear some strange, mumbled words.
A lance of force appears from out of thin air!
The lance of force hits you!
* * * LOW HITPOINT WARNING * * *
Your body deteriorates!
You feel clumsy.
You are knocked back by the lance of force.
You collide with the sky beast!
The sky beast dies!
You die...

#.#.#.#.#.#.#.#.#.#.#.#
##.#.#.#.#.#.#.#.#.#.##
#.#.#.#.#.#.#.#.#.#.#
##.#.#.#.#.#.#.#.#.#
#.#.#.#.#.#.#.#.#.#
##.#.#.#.#.#.#.#.#
.#.#.#.#.#.#.#.#
.#.#.#.#.#.#{#<#
#.#.#.#.#$#@#.#.
.#.#.#.#.#†#.#.#
.#.#.#.#.#.#.#.#
.#.#.#.# #Y#.#.# .#.#.#
#.#.#.# #.#.# #.#.#.
#.#.# #.#.# #### ####


There were no monsters in sight!

Vanquished Creatures
  Pikel (D:6)
  Prince Ribbit (D:8)
  Sigmund (D:6)
  Eustachio (D:6)
  Grum (D:8)
  A steam dragon (D:7)
  Menkaure (D:6)
  Edmund (D:6)
  Duvessa (D:4)
  A water moccasin (D:6)
  2 sky beasts
  2 orc warriors
  2 ogres
  2 wolves (D:8)
  2 centaurs (D:7)
  5 phantoms
  A lemure (D:6)
  A kobold brigand (D:5)
  Blork the orc (D:4)
  2 bullfrogs (D:7)
  3 scorpions
  Dowan (D:4)
  A centaur zombie (D:4)
  2 orc priests (D:7)
  A centaur skeleton (D:4)
  2 gnoll boudas
  5 hounds
  3 sleepcaps
  Ijyb (D:3)
  5 orc wizards
  3 hound zombies (D:4)
  A hound skeleton (D:4)
  8 gnolls (D:6)
  6 adders
  A shadow imp (D:5)
  A white imp (D:5)
  3 ufetubi
  2 adder skeletons (D:4)
  3 adder zombies (D:4)
  2 worms
  2 dart slugs (D:1)
  10 orcs
  3 bats
  5 endoplasms
  5 giant cockroaches
  9 goblins
  6 hobgoblins
  4 jackals (D:5)
  13 kobolds
  4 quokkas
  8 ball pythons
  6 frilled lizards
  A quokka skeleton (D:4)
  3 rats (D:1)
163 creatures vanquished.

Vanquished Creatures (others)
  A sky beast (D:8)
  An orc wizard (D:6)
  A shadow imp (D:7)
3 creatures vanquished.

Grand Total: 166 creatures vanquished

Notes
Turn   | Place    | Note
-------+----------+-------------------------------------------
     0 | D:1      | Moses069 the Minotaur Berserker began the quest for the
                  | Orb.
     0 | D:1      | Reached XP level 1. HP: 19/19 MP: 0/0
    79 | D:1      | Reached skill level 4 in Axes
   121 | D:1      | Reached XP level 2. HP: 27/27 MP: 1/1
   612 | D:1      | Reached ** piety under Trog
   613 | D:1      | Reached skill level 5 in Axes
   815 | D:1      | Gained mutation: Your body sometimes deteriorates upon
                  | taking damage. [potion of mutation]
   815 | D:1      | Gained mutation: You are resistant to electric shocks.
                  | (rElec) [potion of mutation]
   946 | D:2      | Reached XP level 3. HP: 33/33 MP: 2/2
  1968 | D:3      | Reached skill level 6 in Axes
  1968 | D:3      | Reached XP level 4. HP: 40/40 MP: 3/3
  2036 | D:3      | Noticed Ijyb
  2047 | D:3      | Killed Ijyb
  2727 | D:4      | Noticed Duvessa
  2727 | D:4      | Noticed Dowan
  2882 | D:4      | Noticed a phantom
  2903 | D:4      | Killed a phantom
  2904 | D:4      | Reached skill level 7 in Axes
  2904 | D:4      | Reached XP level 5. HP: 41/46 MP: 4/4
  2920 | D:4      | Noticed a phantom
  2938 | D:4      | Killed a phantom
  2939 | D:4      | Reached skill level 8 in Axes
  2939 | D:4      | Reached XP level 6. HP: 43/52 MP: 5/5
  3129 | D:4      | Reached skill level 9 in Axes
  3201 | D:4      | Noticed Blork the orc
  3216 | D:4      | Killed Blork the orc
  3241 | D:4      | Reached XP level 7. HP: 58/58 MP: 6/6
  3490 | D:4      | Killed Duvessa
  3491 | D:4      | Reached skill level 10 in Axes
  3495 | D:4      | Killed Dowan
  3664 | D:4      | Found a sparkling altar of Nemelex Xobeh.
  4357 | D:5      | Entered Level 5 of the Dungeon
  4482 | D:5      | Reached XP level 8. HP: 64/67 MP: 7/7
  4566 | D:5      | Reached *** piety under Trog
  4714 | D:5      | Reached skill level 11 in Axes
  5005 | D:5      | Reached skill level 5 in Fighting
  6240 | D:6      | Noticed Sigmund
  6255 | D:6      | Killed Sigmund
  6305 | D:6      | Identified the +0 scale mail of Aruar {rPois Regen+}
  6642 | D:6      | Noticed Menkaure
  6645 | D:6      | Reached skill level 5 in Armour
  6648 | D:6      | Noticed Eustachio
  6655 | D:6      | Killed Eustachio
  6658 | D:6      | Killed Menkaure
  6829 | D:6      | Reached skill level 5 in Dodging
  6829 | D:6      | Reached XP level 9. HP: 75/75 MP: 8/8
  6841 | D:6      | Noticed Pikel
  6873 | D:6      | Killed Pikel
  7044 | D:6      | Noticed Edmund
  7061 | D:6      | Killed Edmund
  7267 | D:6      | Reached skill level 12 in Axes
  8356 | D:7      | Found a staircase to the Ecumenical Temple.
  8363 | Temple   | Entered the Ecumenical Temple
  9164 | D:8      | Noticed Grum
  9176 | D:8      | Killed Grum
  9185 | D:8      | Reached XP level 10. HP: 73/88 MP: 9/9
  9282 | D:8      | Noticed Prince Ribbit
  9283 | D:8      | Noticed Erica
  9288 | D:8      | Killed Prince Ribbit
  9300 | D:8      | HP: 2/88 [something/lance of force (13)]
  9300 | D:8      | Collided with a sky beast

Illustrated notes

Levels and vault maps discovered:
D:1:      mrwooster_arrival_statue, layout_basic
D:2:      layout_loops_ring, nicolae_elevator_lobby_plus
D:3:      layout_basic, minmay_between, uniq_ijyb
D:4:      layout_loops_corners, old_standard_altar, serial_undead,
          serial_undead_c, serial_undead_f, serial_undead_e, serial_undead_a,
          serial_undead_b, serial_undead_e, serial_undead_b, serial_undead_a,
          serial_undead_f, serial_undead_c, uniq_blork_the_orc, uniq_duvessa
D:5:      layout_basic
D:6:      layout_basic, grunt_decor_fettered, chequers_serial_rivers_large_b,
          uniq_sigmund, uniq_edmund, uniq_pikel, uniq_eustachio, uniq_menkaure
D:7:      dreamdust_elfheim, layout_basic, minmay_temple_entry_overgrown,
          minmay_fractal_squares_gapless_5
D:8:      cheibrodos_fertilizer, layout_basic, mainiacjoe_overflow_chevrons,
          chequers_ossuary_entry_cave, uniq_joseph, uniq_prince_ribbit1,
          uniq_maurice, uniq_erica, uniq_grum
Temple:   nicolae_temple_bog_church

Skill      XL: |  1  2  3  4  5  6  7  8  9 |
---------------+----------------------------+-----
Axes           | 4 5 6 7 8 9 10 11 12 | 12.6
Fighting       | 4 6 8 |  8.1
Armour         | 3 5 7 |  7.7
Dodging        | 3 5 6 |  6.9

Action                     |  1- 3 |  4- 6 |  7- 9 | 10-12 || total
---------------------------+-------+-------+-------+-------++-------
  Melee: Hand axe          |    87 |   106 |   356 |    18 ||   567
         Headbutt          |     7 |    22 |    65 |     4 ||    98
         Punch             |     1 |     1 |     4 |       ||     6
  Throw: Dart              |     8 |       |       |       ||     8
 Invoke: Berserk           |     3 |     3 |     6 |     1 ||    13
    Use: Scroll            |     4 |     2 |     9 |       ||    15
         Potion            |     1 |     5 |     5 |       ||    11
 Armour: Animal skin       |     2 |       |       |       ||     2
         Plate armour      |    21 |    41 |   115 |    10 ||   187
  Dodge: Dodged            |    52 |    43 |   146 |    11 ||   252
